 Dungeon Crawl Stone Soup version 0.27.1-3-gb3d3a73c9e (webtiles) character file.

Game seed: 16812250319693746364

522 BOMJPIETVODKU the Chopper (level 7, -1/60 HPs)
             Began as a Hill Orc Fighter on Oct 28, 2021.
             Succumbed to a killer bee's poison
             ... on level 3 of the Dungeon.
             The game lasted 00:05:36 (3608 turns).

BOMJPIETVODKU the Chopper (Hill Orc Fighter)        Turns: 3608, Time: 00:05:36

Health: -1/60      AC:  9    Str: 21    XL:     7   Next: 22%
Magic:  7/7        EV:  7    Int:  8    God:
Gold:   167        SH:  9    Dex: 10    Spells: 6/6 levels left

rFire    . . .     SeeInvis .   a - +0 war axe
rCold    . . .     Faith    .   c - +0 kite shield
rNeg     . . .     Spirit   .   b - +0 scale mail
rPois    .         Reflect  .   m - +0 helmet
rElec    .         Harm     .   (no cloak)
rCorr    .         Rampage  .   (no gloves)
Will     .....                  j - +0 pair of boots
Stlth    ..........             (no amulet)
HPRegen  0.20/turn              (no ring)
MPRegen  0.10/turn              (no ring)

@: lethally poisoned (-1 -> -10), about to teleport
A: no striking features
a: no special abilities


You were on level 3 of the Dungeon.
You visited 1 branch of the dungeon, and saw 4 of its levels.

You collected 167 gold pieces.

Inventory:

Hand Weapons
 a - a +0 war axe (weapon)
Armour
 b - a +0 scale mail (worn)
 c - a +0 kite shield (worn)
 h - +0 steam dragon scales
 j - a +0 pair of boots (worn)
 m - a +0 helmet (worn)
Wands
 d - a wand of flame (16)
Scrolls
 e - a scroll of teleportation
 f - a scroll of blinking {unknown}
 g - 2 scrolls of fear {unknown}
 i - a scroll of enchant armour {unknown}
 k - a scroll of holy word {unknown}
 l - a scroll of fog {unknown}
 n - 2 scrolls of identify {unknown}
 p - a scroll of summoning {unknown}


   Skills:
 * Level 4.6 Fighting
 * Level 7.7 Axes
 + Level 4.5 Armour
 - Level 0.6 Stealth
 + Level 4.5 Shields


You had 6 spell levels left.
You didn't know any spells.
Your spell library was empty.

Dungeon Overview and Level Annotations

Branches:
Dungeon (4/15)
 Temple: D:4-7

Altars:
Ashenzari
Kikubaaqudgha


Message History

There is a stone staircase leading down here.
It was a potion of heal wounds.
You feel much better.
You feel very sick.
The killer bee stings you but does no damage.
The killer bee stings you. The killer bee barely misses you.
You closely miss the killer bee. x2
You feel very sick. You block the killer bee's attack.
The killer bee barely misses you.
The killer bee stings you but does no damage.
You block the killer bee's attack. The killer bee stings you. x2
You are more poisoned.
The killer bee poisons you!
You closely miss the killer bee. You miss the killer bee.
* * * LOW HITPOINT WARNING * * *
You feel very sick.
The killer bee stings you but does no damage. x3
The killer bee stings you.
* * * LOW HITPOINT WARNING * * *
You hit the killer bee but do no damage.
You miss the killer bee.
* * * LOW HITPOINT WARNING * * *
You feel very sick. You block the killer bee's attack.
The killer bee stings you.
* * * LOW HITPOINT WARNING * * *
The killer bee stings you but does no damage.
You block the killer bee's attack.
The killer bee stings you but does no damage.
The killer bee stings you.
* * * LOW HITPOINT WARNING * * *
Unknown command.
Unknown command.
Unknown command.
Unknown command.
Drop what? 15/52 slots (_ for help) (? for menu, Esc to quit)
Okay, then.
Drop what? 15/52 slots (_ for help) (? for menu, Esc to quit)
Okay, then.
As you read the scroll labelled SALUBR WUEHE, it crumbles to dust.
You feel strangely unstable.
It was a scroll of teleportation.
You die...

.....#.#.(....))..#.# #.####
#.###.######.###.##.########.#
#)# ########.# #..........##.#
#.# #...>...# ####.#####.##.# #.#
#.####..# #.# #...#.#### #.# #.#
#..# #.# #.........
#.####.####..## #.# #...#>.##.
#.............#####.#########.##.
#####.####....yy@yy..............
####.#############.#########.#..
#.....##....####...###....##.#..
#.##.##.......##..##.......#.#..
##.##.##.###....#..#....###.#####
...#..#....###..'##'..###....#
####.##......##..≈≈..##......###
####.##..._...#..≈≈..#..._...#.##
..##.##......##..≈§..##......#...


You could see 4 killer bees.

Vanquished Creatures
  Grinder (D:3)
  A steam dragon (D:3)
  Jessica (D:3)
  Ijyb (D:3)
  Terence (D:2)
  2 adders
  A gnoll (D:1)
  An adder skeleton (D:4)
  2 worms (D:2)
  4 dart slugs
  An orc (D:4)
  4 ball pythons
  9 endoplasms
  5 giant cockroaches
  9 hobgoblins
  4 jackals (D:3)
  7 bats
  4 frilled lizards
  3 goblins
  7 kobolds
  9 rats
77 creatures vanquished.

Notes
Turn   | Place    | Note
-------+----------+-------------------------------------------
     0 | D:1      | BOMJPIETVODKU the Hill Orc Fighter began the quest for the
                  | Orb.
     0 | D:1      | Reached XP level 1. HP: 19/19 MP: 1/1
   212 | D:1      | Reached XP level 2. HP: 26/27 MP: 2/2
   228 | D:1      | Reached skill level 3 in Axes
   796 | D:1      | Reached XP level 3. HP: 26/33 MP: 3/3
  1137 | D:2      | Reached skill level 4 in Axes
  1160 | D:2      | Found a faded altar of an unknown god.
  1356 | D:2      | Reached XP level 4. HP: 40/40 MP: 4/4
  1940 | D:2      | Noticed Terence
  1951 | D:2      | Killed Terence
  1952 | D:2      | Reached skill level 5 in Axes
  2041 | D:3      | Noticed Ijyb
  2057 | D:3      | Killed Ijyb
  2058 | D:3      | Reached XP level 5. HP: 9/46 MP: 5/5
  2506 | D:3      | Noticed Jessica
  2521 | D:3      | Killed Jessica
  2705 | D:3      | Noticed Grinder
  2717 | D:3      | Killed Grinder
  2718 | D:3      | Reached skill level 7 in Axes
  2718 | D:3      | Reached XP level 6. HP: 39/53 MP: 6/6
  2984 | D:3      | Found an ancient bone altar of Kikubaaqudgha.
  3012 | D:3      | Found a broken altar of Ashenzari.
  3246 | D:4      | Noticed a steam dragon
  3260 | D:3      | Killed a steam dragon
  3261 | D:3      | Reached XP level 7. HP: 17/60 MP: 7/7
  3607 | D:3      | HP: 1/60 [killer bee (3)]
  3608 | D:3      | Succumbed to a killer bee's poison

Illustrated notes

Levels and vault maps discovered:
D:1:      dpeg_arrival_rooms_a, layout_basic, serial_corexii_hall,
          corexii_hall_statues_s, corexii_hall_statues_s
D:2:      layout_loops_ring, dreamdust_ecumenical_altar_grove, uniq_terence
D:3:      layout_loops_ring, mainiacjoe_overflow_two_lobes,
          chequers_serial_rivers_micro_b, minmay_cupped, uniq_ijyb,
          uniq_grinder, uniq_jessica
D:4:      layout_layer_cave, mainiacjoe_overflow_alcove_2, grunt_ministairs_9

Skill      XL: |  1  2  3  4  5 |
---------------+----------------+-----
Axes           | 3 4 5 7 |  7.7
Fighting       | 4 |  4.6
Shields        | 4 |  4.5
Armour         | 4 |  4.5
Stealth        | |  0.6

Action                   |  1- 3 |  4- 6 |  7- 9 || total
-------------------------+-------+-------+-------++-------
Melee: War axe           |    99 |   119 |    11 ||   229
  Use: Potion            |       |     4 |     1 ||     5
       Scroll            |       |       |     1 ||     1
Armor: Scale mail        |    51 |    86 |    18 ||   155
Dodge: Dodged            |    20 |    51 |    10 ||    81
Block: Kite shield       |    57 |    84 |    17 ||   158
